 Dungeon Crawl Stone Soup version 0.13-a0-1614-gd69a504 (webtiles) character file.

3844 Duskembrace the Reanimator (level 9, -12/68 HPs)
             Began as a Deep Dwarf Necromancer on June 16, 2013.
             Mangled by an elephant (16 damage)
             ... on Level 8 of the Dungeon.
             The game lasted 01:05:32 (9139 turns).

Duskembrace the Reanimator (Deep Dwarf Necromancer) Turns: 9139, Time: 01:05:34

HP -12/68        AC  5     Str 12      XL: 9   Next: 85%
MP   3/23        EV 14     Int 20      God:
Gold 254         SH  0     Dex 13      Spells:  5 memorised,  9 levels left

Res.Fire  : + . .   See Invis. : +   P - +11,+1 great sword of Shroexte {holy, *Rag Res.Cold : . . . Warding : . g - +2 robe Life Prot.: . . . Conserve : . (no shield)
Res.Poison: .       Res.Corr.  : .   (no helmet)
Res.Elec. : +       Clarity    : .   E - +0 cloak
Sust.Abil.: . .     Spirit.Shd : .   (no gloves)
Res.Mut.  : .       Stasis     : .   (no boots)
Res.Rott. : .       Flight     : .   (no amulet)
Saprovore : . . .                    r - +1 ring of intelligence
                                     j - ring of protection from fire

@: non-regenerating, very resistant to hostile enchantments, fairly stealthy
A: damage resistance, recharge devices, sense surroundings 2, slow healing 3
a: Device Recharging, Evoke Flight


You were on level 8 of the Dungeon.
You were hungry.

You visited 2 branches of the dungeon, and saw 9 of its levels.

You collected 234 gold pieces.

Inventory:

Hand weapons
 D - a +2,+2 quarterstaff of chaos
 M - a +0,+1 quarterstaff of distortion
 P - the +11,+1 great sword of Shroexte (weapon) {holy, *Rage +Fly rElec MR++ SInv}
   (You found it on level 7 of the Dungeon)

   It has been blessed by the Shining One to cause great damage to the undead
   and demons.
   It insulates you from electricity.
   It affects your resistance to hostile enchantments.
   It enhances your eyesight.
   It lets you fly.
   It makes you angry.
Missiles
 t - 44 bolts
Armour
 a - a +0 robe
 g - a +2 robe (worn)
 E - a +0 cloak (worn)
 W - a +2 elven robe of magic resistance
 Y - the +2 buckler of Shih {+Rage rF+ Stlth+, unknown}
   (You found it on level 7 of the Dungeon)

   It protects you from fire.
   It lets you go berserk.
   It makes you much more stealthy.
Magical devices
 c - a wand of heal wounds (4)
 f - a wand of cold (6) {unknown}
 x - a wand of hasting (7) {unknown}
 R - a wand of disintegration (7) {unknown}
 U - a wand of lightning (2) {unknown}
Comestibles
 d - 3 bread rations
 i - a beef jerky
 k - a rotting chunk of rat flesh
 m - 4 meat rations
 o - a choko
 X - a pear
Scrolls
 h - a scroll of remove curse
 l - 2 scrolls of recharging {unknown}
 p - a scroll of curse jewellery {unknown}
 q - 2 scrolls of enchant weapon II {unknown}
 u - a scroll of random uselessness {unknown}
 y - a scroll of curse weapon {unknown}
 A - a scroll of enchant armour {unknown}
 G - 3 scrolls of teleportation
 H - a scroll of amnesia {unknown}
 I - a scroll of fog {unknown}
 J - a scroll of enchant weapon I
 K - a scroll of immolation {unknown}
 T - a scroll of noise {unknown}
Jewellery
 j - a ring of protection from fire (left hand)
 r - a +1 ring of intelligence (right hand)
 V - an uncursed ring of flight {unknown}
Potions
 e - 2 potions of might
 n - 2 potions of confusion {unknown}
 s - a potion of cure mutation
 v - a potion of speed {unknown}
 w - a potion of flight {unknown}
 z - 4 potions of curing
 B - 2 potions of invisibility
 C - a potion of heal wounds
 L - a potion of poison {unknown}
 N - a potion of mutation {unknown}
 O - a potion of magic {unknown}
 Q - a potion of agility {unknown}
 S - a potion of paralysis {unknown}
Books
 b - a book of Necromancy

   Spells                             Type                      Level
   *Pain                              Necromancy                   1
   *Animate Skeleton                  Necromancy                   1
   Lethal Infusion                    Charms/Necromancy            2
   *Vampiric Draining                 Necromancy                   3
   Regeneration                       Charms/Necromancy            3
   *Animate Dead                      Necromancy                   4
   *Control Undead                    Necromancy                   4


   Skills:
 + Level 0.5 Fighting
   Level 0.0 Short Blades
 + Level 1.6 Long Blades
   Level 0.0 Axes
   Level 0.2 Maces & Flails
   Level 0.0 Polearms
 + Level 1.0 Staves
   Level 0.0 Slings
   Level 0.0 Bows
   Level 0.0 Crossbows
 + Level 0.0 Throwing
 + Level 0.0 Armour
 + Level 4.4 Dodging
 + Level 3.1 Stealth
   Level 0.0 Stabbing
   Level 0.0 Shields
 + Level 1.3 Traps
 + Level 0.0 Unarmed Combat
 + Level 7.4 Spellcasting
   Level 0.0 Conjurations
   Level 0.0 Hexes
   Level 0.0 Charms
   Level 0.0 Summonings
 + Level 10.3 Necromancy
   Level 0.0 Translocations
   Level 0.0 Transmutations
   Level 0.0 Fire Magic
   Level 0.0 Ice Magic
   Level 0.0 Air Magic
   Level 0.0 Earth Magic
   Level 0.0 Poison Magic
   Level 0.0 Invocations
 + Level 0.0 Evocations


You had 9 spell levels left.
You knew the following spells:

 Your Spells              Type           Power        Failure   Level  Hunger
a - Pain                  Necr           ####         1%          1    None
b - Animate Skeleton      Necr           N/A          1%          1    None
c - Vampiric Draining     Necr           #####.....   1%          3    #......
d - Animate Dead          Necr           N/A          1%          4    ###....
e - Control Undead        Necr           #####.....   1%          4    ###....


Dungeon Overview and Level Annotations

Branches:
Dungeon (8/27)             Temple (1/1) D:7             Orc (0/4) D:7
   Lair (0/8) D:8

Altars:
Ashenzari
Cheibriados
Elyvilon
Fedhas
Kikubaaqudgha
Nemelex Xobeh
Okawaru
Sif Muna
Trog
Vehumet
Xom
Yredelemnul
Zin
the Shining One

Annotations
D:6 exclusion: statue


Innate Abilities, Weirdness & Mutations

You are resistant to damage.
You can recharge devices by infusing magical energy.
You passively map the area around you.
You do not heal naturally.


Message History

The elephant trunk-slaps you.
You completely miss the elephant.
The elephant is lightly wounded.
The elephant tramples you.
You stumble backwards!
You slash the elephant!
The elephant is moderately wounded.
The elephant barely misses you.
The elephant trunk-slaps you but does no damage.
The elephant tramples you.
You stumble backwards!
You hit the elephant but do no damage.
The elephant is lightly wounded.
The elephant tramples you.
You hold your ground!
The elephant trunk-slaps you.
You hit the elephant.
The elephant is moderately wounded.
The elephant tramples you!
* * * LOW HITPOINT WARNING * * *
You hold your ground!
The elephant trunk-slaps you.
* * * LOW HITPOINT WARNING * * *
The elephant tramples you!
You die...

, ,.. #........# #........##.#
#..#......Y.# #........##.'
*#.'...Y....# ####'######## *
###...)....# ##Y# # ###....###
#YZ# # ####..#### #.## ###
#.......# ####.#### #..
#####....Y..# #####.......# #.#
#...'.<.....# #@YY........####..
#.###.......####Y###.........####
'.# #.......Y....# #.......#..#..
### #.......###### #.......##.#.#
# #.......# #.......##.#.. #
#.......# #####.####.'.#
#.......# #.# ###.. #####'###
#..## ### #., ##..# #


You could see 3 elephants.

Vanquished Creatures
  Pikel (D:5)
  An elephant (D:8)
  The ghost of onwiheg the Cudgeler, an average DjBe of Trog (D:5)
  A hungry ghost (D:8)
  Eustachio (D:7)
  Edmund (D:4)
  A manticore zombie (D:7)
  A hippogriff zombie (D:7)
  An orc warrior (D:7)
  An ice beast (D:5)
  2 phantoms (D:8)
  Sigmund (D:7)
  Duvessa (D:7)
  2 centaurs
  2 giant frogs
  2 water moccasins (D:8)
  A giant frog zombie (D:7)
  A centaur skeleton (D:6)
  Blork the orc (D:8)
  2 crimson imps
  Dowan (D:7)
  6 orc priests
  Crazy Yiuf (D:3)
  A hound skeleton (D:4)
  A hound (D:5)
  2 iguanas (D:6)
  A scorpion (D:5)
  A gnoll shaman (D:7)
  A worker ant zombie (D:5)
  4 worker ants
  4 orc wizards
  6 gnolls (D:7)
  5 adders
  An adder skeleton (D:7)
  A giant mite (D:7)
  3 worms
  An ooze (D:2)
  28 orcs
  2 ball pythons
  10 bats
  16 goblins
  23 hobgoblins
  6 jackals
  10 kobolds
  2 quokkas
  2 giant cockroaches
  3 giant geckos
  8 giant newts
  A hobgoblin zombie (D:1)
  A jackal zombie (D:8)
  A kobold zombie (D:1)
  An orc skeleton (D:7)
  14 rats
  A fungus (D:5)
194 creatures vanquished.

Vanquished Creatures (collateral kills)
  A goliath beetle (D:5)
  An ogre skeleton (D:5)
  2 orc wizards
  An orc (D:4)
  A bat (D:4)
  A hobgoblin (D:4)
  A giant newt skeleton (D:5)
  A giant newt zombie (D:5)
  A goblin (D:5)
  A kobold (D:2)
  An orc zombie (D:5)
  A rat (D:6)
13 creatures vanquished.

Vanquished Creatures (others)
  An elephant zombie (D:8)
  A giant frog (D:7)
  An orc wizard (D:6)
  A goliath beetle zombie (D:5)
  An elf zombie (D:7)
  A scorpion zombie (D:5)
  A bat skeleton (D:1)
  A gnoll zombie (D:7)
  A gnoll skeleton (D:7)
  A goblin (D:7)
  A ball python skeleton (D:2)
  A goblin skeleton (D:1)
  A goblin zombie (D:7)
  4 hobgoblin skeletons
  A hobgoblin zombie (D:6)
  3 kobold skeletons
  7 orc skeletons
  3 orc zombies
  3 rat skeletons
34 creatures vanquished.

Grand Total: 241 creatures vanquished

Notes
Turn   | Place    | Note
--------------------------------------------------------------
     0 | D:1      | Duskembrace, the Deep Dwarf Necromancer, began the quest for the Orb.
     0 | D:1      | Reached XP level 1. HP: 15/15 MP: 3/3
   249 | D:1      | Reached XP level 2. HP: 22/22 MP: 2/4
   307 | D:1      | Learned a level 1 spell: Animate Skeleton
  1118 | D:2      | Reached skill level 5 in Necromancy
  1118 | D:2      | Reached XP level 3. HP: 26/28 MP: 1/6
  1310 | D:2      | Learned a level 3 spell: Vampiric Draining
  2038 | D:2      | Reached XP level 4. HP: 29/36 MP: 1/7
  2999 | D:3      | Found an ancient bone altar of Kikubaaqudgha.
  3367 | D:3      | Noticed Crazy Yiuf
  3384 | D:3      | Killed Crazy Yiuf
  3776 | D:4      | Reached XP level 5. HP: 42/42 MP: 5/9
  3812 | D:4      | Reached skill level 6 in Necromancy
  4276 | D:4      | Noticed Edmund
  4304 | D:4      | Killed Edmund
  4304 | D:4      | Reached XP level 6. HP: 31/49 MP: 3/13
  4471 | D:5      | Entered Level 5 of the Dungeon
  4476 | D:5      | Reached skill level 1 in Traps
  4584 | D:5      | Learned a level 4 spell: Animate Dead
  4687 | D:5      | Noticed onwiheg's ghost (average DjBe)
  4750 | D:5      | Found a snail-covered altar of Cheibriados.
  4958 | D:5      | Found a bloodstained altar of Trog.
  5243 | D:5      | Reached XP level 7. HP: 14/55 MP: 9/16
  5249 | D:5      | Learned a level 4 spell: Control Undead
  5381 | D:5      | Reached skill level 7 in Necromancy
  5396 | D:5      | Found a white marble altar of Elyvilon.
  5414 | D:5      | Noticed Pikel
  5459 | D:5      | Killed Pikel
  5459 | D:5      | Reached skill level 5 in Spellcasting
  5459 | D:5      | Reached XP level 8. HP: 30/62 MP: 1/19
  5721 | D:5      | Killed onwiheg's ghost
  5721 | D:5      | Reached skill level 8 in Necromancy
  6095 | D:6      | Noticed a wizard statue
  6797 | D:6      | Found a sparkling altar of Nemelex Xobeh.
  7246 | D:7      | Found a staircase to the Ecumenical Temple.
  7256 | Temple   | Entered the Ecumenical Temple
  7461 | D:7      | Got a transparent great sword
  7463 | D:7      | Identified the great sword of Shroexte {holy, *Rage +Fly rElec MR++ SInv} (You found it on level 7 of the Dungeon)
  7506 | D:7      | Noticed Duvessa
  7514 | D:7      | Noticed Dowan
  7515 | D:7      | Killed Duvessa
  7528 | D:7      | Reached skill level 1 in Staves
  7529 | D:7      | Killed Dowan
  7529 | D:7      | Gained mutation: You passively map the area around you. [level up]
  7529 | D:7      | Reached XP level 9. HP: 55/68 MP: 2/22
  7686 | D:7      | Got a smoking buckler
  7758 | D:7      | Reached skill level 9 in Necromancy
  7767 | D:7      | Your ally Dowan died
  7892 | D:7      | Reached skill level 1 in Long Blades
  8033 | D:7      | Found a staircase to the Orcish Mines.
  8146 | D:7      | Noticed Eustachio
  8155 | D:7      | Killed Eustachio
  8292 | D:7      | Noticed Sigmund
  8304 | D:7      | Killed Sigmund
  8487 | D:8      | Noticed Blork the orc
  8496 | D:8      | Killed Blork the orc
  8993 | D:8      | Reached skill level 10 in Necromancy
  9006 | D:8      | Found a staircase to the Lair.
  9006 | D:8      | Noticed an elephant
  9006 | D:8      | Noticed an elephant
  9007 | D:8      | Noticed an elephant
  9007 | D:8      | Noticed an elephant
  9007 | D:8      | Noticed an elephant
  9008 | D:8      | Noticed an elephant
  9062 | D:8      | Noticed an elephant
  9085 | D:8      | Killed an elephant
  9139 | D:8      | Mangled by an elephant

Action                   |  1- 3 |  4- 6 |  7- 9 || total
-------------------------+-------+-------+-------++-------
Melee: Club              |    17 |     3 |       ||    20
       Dagger            |    52 |       |       ||    52
       Quarterstaff      |       |    22 |    44 ||    66
       Great sword       |       |       |    75 ||    75
 Cast: Pain              |    55 |    81 |    86 ||   222
       Animate Skeleton  |     8 |    13 |     1 ||    22
       Vampiric Draining |    11 |    30 |   108 ||   149
       Animate Dead      |       |     2 |     9 ||    11
       Control Undead    |       |       |     1 ||     1
Evoke: Wand              |       |       |     1 ||     1
  Use: Scroll            |     4 |       |     3 ||     7
       Potion            |       |       |     3 ||     3
 Stab: Sleeping          |       |       |     2 ||     2
       Distracted        |       |       |     1 ||     1
